 Dungeon Crawl Stone Soup version 0.21.1-1-g345015fe64 (webtiles) character file.

6437 HooM the Cleaver (level 10, -7/90 HPs)
             Began as a Hill Orc Fighter on Mar 11, 2018.
             Was a Follower of Wu Jian.
             Mangled by Snorg (16 damage)
             ... on level 11 of the Dungeon.
             The game lasted 00:51:43 (6071 turns).

HooM the Cleaver (Hill Orc Fighter)                 Turns: 6071, Time: 00:51:43

Health: -7/90      AC: 14    Str: 23    XL:     10   Next: 99%
Magic:  13/13      EV:  9    Int:  8    God:    Wu Jian [*.....]
Gold:   582        SH: 17    Dex: 10    Spells: 12/13 levels left

rFire    . . .     SeeInvis .   n - +0 war axe
rCold    . . .     Gourm    .   w - +0 large shield
rNeg     . . .     Faith    .   l - +0 chain mail
rPois    .         Spirit   .   L - +0 helmet
rElec    .         Reflect  .   A - +0 cloak {MR+}
rCorr    .         Harm     .   (no gloves)
MR       +....                  i - +0 pair of boots
Stlth    ..........             r - amulet of regeneration
HPRegen  0.65/turn              m - ring of flight
MPRegen  0.13/turn              y - +3 ring of evasion

@: slightly contaminated
A: no striking features
a: Renounce Religion, Evoke Flight


You were on level 11 of the Dungeon.
You worshipped Wu Jian.
Wu Jian was aware of your devotion.
You were near starving.

You visited 1 branch of the dungeon, and saw 9 of its levels.

You collected 582 gold pieces.

Inventory:

Hand Weapons
 n - a +0 war axe (weapon)
 O - a cursed +2 halberd of freezing
Missiles
 e - 348 stones (quivered)
Armour
 i - a +0 pair of boots (worn)
 j - a scarf of repulsion
 l - a +0 chain mail (worn)
 w - a +0 large shield (worn)
 A - a +0 cloak of magic resistance (worn)
 L - a +0 helmet (worn)
Jewellery
 m - a ring of flight (left hand)
 r - an amulet of regeneration (around neck)
 y - a +3 ring of evasion (right hand)
Wands
 t - a wand of iceblast (13)
 B - a wand of polymorph (12)
 G - a wand of acid (5)
 I - a wand of digging (14)
 N - a wand of paralysis (15)
Scrolls
 a - 2 scrolls of teleportation
 c - 5 scrolls of magic mapping
 g - 4 scrolls of noise
 k - 6 scrolls of remove curse
 p - 3 scrolls of amnesia
 u - a scroll of blinking
 D - a scroll of fear
 F - a scroll of fog
 M - a scroll of holy word {unknown}
Potions
 b - 2 potions of degeneration {unknown}
 d - 3 potions of might
 h - 2 potions of magic {unknown}
 o - a potion of mutation {unknown}
 q - a potion of berserk rage {unknown}
 s - a potion of heal wounds {unknown}
 x - 2 potions of lignification {unknown}
 z - a potion of invisibility {unknown}
 C - 2 potions of cancellation {unknown}
 E - 2 potions of haste
Books
 H - a book of Callings

   Spells                             Type                      Level
   a - Summon Small Mammal            Summoning                    1
   b - Call Imp                       Summoning                    2
   c - Call Canine Familiar           Summoning                    3
   d - Summon Guardian Golem          Hexes/Summoning              3
   e - Summon Lightning Spire         Summoning/Air                4
   f - Summon Ice Beast               Ice/Summoning                4
 J - a book of Minor Magic

   Spells                             Type                      Level
   a - Magic Dart                     Conjuration                  1
   b - Blink                          Translocation                2
   c - Call Imp                       Summoning                    2
   d - Slow                           Hexes                        2
   e - Conjure Flame                  Conjuration/Fire             3
   f - Mephitic Cloud                 Conjuration/Poison/Air       3
 K - a book of Fire

   Spells                             Type                      Level
   a - Ignite Poison                  Fire/Transmutation/Poison    3
   b - Fireball                       Conjuration/Fire             5
   c - Bolt of Fire                   Conjuration/Fire             6
   d - Ring of Flames                 Charms/Fire                  7
   e - Ignition                       Fire                         8
Comestibles
 f - 19 rations


   Skills:
 + Level 8.4 Fighting
 + Level 12.7 Axes
 + Level 0.7 Throwing
 + Level 8.0 Armour
 + Level 2.3 Dodging
 + Level 0.9 Stealth
 + Level 8.8 Shields
 + Level 2.0 Spellcasting
 + Level 2.6 Summonings


You had 12 spell levels left.
You knew the following spells:

 Your Spells              Type           Power        Failure   Level  Hunger
a - Summon Small Mammal   Summ           #...         99%         1    ##.....


Dungeon Overview and Level Annotations

Branches:
Dungeon (11/15)            Temple (0/1) D:5
   Lair: D:8-11         Orc: D:9-12

Altars:
Cheibriados
Elyvilon
Fedhas
Gozag
Hepliaklqana
Makhleb
Okawaru
Vehumet
Wu Jian
Xom
The Shining One

Annotations:
D:11 Snorg


Message History

Blink to where?
Press: ? - help, Dir - move target cursor You are lightly contaminated with residual magic.
As you read the scroll of blinking, it crumbles to dust.
You feel better.
You feel better.
You feel better.
You hear a shout!
Snorg bites you but does no damage. Snorg claws you!
* * * LOW HITPOINT WARNING * * *
Snorg claws you but does no damage.
You closely miss Snorg.
Snorg is almost dead.
Snorg bites you!
* * * LOW HITPOINT WARNING * * *
Snorg claws you but does no damage. You block Snorg's attack.
You hit Snorg but do no damage.
Snorg is almost dead.
Snorg bites you!
You die...

#.####.#<...(......##### #.#
#.######.#.###....#
#.####.######...#.#.##.###
#.................#.#.....
######...#..................
#.........>..........)......
#......##..#########..#.####
#######....#.....#....#.# ..
#....@.....#....#.####
#.######T##..######.....
#..T.................###
##########)##########.#)#
.........)[...........###
##########.#####.#.##....
#.............#.#.##.##.
#.#######.###.#.#.##.. . #.#
#... ..#.##.##


You could see Snorg (berserk).

Vanquished Creatures
  A two-headed ogre (D:10)
  The ghost of HooM the Skirmisher, a novice HOFi of Beogh (D:5)
  A deep elf mage (D:10)
  A hornet (D:10)
  A troll (D:10)
  Sigmund (D:5)
  4 yaks (D:10)
  A human (D:7)
  2 wraiths (D:10)
  4 hogs (D:7)
  Menkaure (D:6)
  2 hungry ghosts
  Duvessa (D:5)
  A sky beast (D:10)
  6 ice beasts
  A phantom (D:4)
  3 black bears
  2 ogres
  A centaur (D:10)
  A bullfrog (D:10)
  Dowan (D:5)
  3 killer bees (D:10)
  4 wights (D:11)
  A howler monkey (D:10)
  A crimson imp (D:5)
  A bullfrog zombie (D:5)
  A hound (D:7)
  Crazy Yiuf (D:6)
  3 orc priests
  Natasha (thrice) (D:4)
  4 iguanas
  A worker ant (D:7)
  A howler monkey zombie (D:6)
  5 gnolls
  A howler monkey skeleton (D:5)
  8 adders
  An ooze (D:5)
  An adder zombie (D:7)
  2 adder skeletons
  3 worms
  6 dart slugs
  4 leopard geckos
  5 orcs
  3 giant cockroaches
  4 goblins
  6 hobgoblins
  3 jackals (D:2)
  8 kobolds
  2 quokkas
  2 ball pythons
  3 bats
  6 frilled lizards
  A jackal zombie (D:7)
  5 rats
  A fungus (D:6)
  9 plants (D:2)
150 creatures vanquished.

Notes
Turn   | Place    | Note
-------+----------+-------------------------------------------
     0 | D:1      | HooM the Hill Orc Fighter began the quest for the Orb.
     0 | D:1      | Reached XP level 1. HP: 19/19 MP: 1/1
    58 | D:1      | Reached XP level 2. HP: 26/27 MP: 2/2
   386 | D:1      | Reached XP level 3. HP: 33/33 MP: 3/3
   564 | D:1      | Reached skill level 3 in Axes
   749 | D:2      | Found a faded altar of an unknown god.
   942 | D:2      | Reached XP level 4. HP: 40/40 MP: 4/4
  1179 | D:2      | Found a hazy altar of Hepliaklqana.
  1195 | D:2      | Found a glowing golden altar of the Shining One.
  1240 | D:2      | Found a radiant altar of Vehumet.
  1247 | D:2      | Found a white marble altar of Elyvilon.
  1252 | D:2      | You fall through a shaft for 2 floors!
  1299 | D:3      | Reached skill level 4 in Axes
  1352 | D:3      | Found a burning altar of Makhleb.
  1352 | D:3      | Noticed an Executioner
  1371 | D:3      | Noticed a hellwing
  1371 | D:3      | Noticed a ynoxinul
  1523 | D:3      | Noticed a black bear
  1540 | D:3      | Killed a black bear
  1540 | D:3      | Reached skill level 5 in Axes
  1540 | D:3      | Reached XP level 5. HP: 37/47 MP: 5/5
  1943 | D:3      | Found a snail-covered altar of Cheibriados.
  2178 | D:4      | Reached XP level 6. HP: 53/53 MP: 6/6
  2190 | D:4      | Noticed an ice beast
  2210 | D:4      | Killed an ice beast
  2210 | D:4      | Reached skill level 6 in Axes
  2298 | D:4      | Found a shimmering altar of Xom.
  2329 | D:4      | Found an ornate altar of the Wu Jian Council.
  2330 | D:4      | Found an iron altar of Okawaru.
  2336 | D:4      | Became a worshipper of the Wu Jian Council
  2372 | D:4      | Noticed a phantom
  2416 | D:4      | Killed a phantom
  2416 | D:4      | Reached skill level 5 in Fighting
  2416 | D:4      | Reached XP level 7. HP: 31/61 MP: 7/7
  2841 | D:4      | Got an encrusted scale mail
  2852 | D:4      | Identified the +2 scale mail "Hisog" {Int+3} (You found it on level 4 of the Dungeon)
  2890 | D:4      | Noticed Natasha
  2926 | D:4      | Killed Natasha
  2957 | D:4      | Noticed Natasha
  2962 | D:4      | Killed Natasha
  3026 | D:4      | Noticed Natasha
  3053 | D:4      | Killed Natasha
  3118 | D:5      | Entered Level 5 of the Dungeon
  3218 | D:5      | Reached skill level 7 in Axes
  3263 | D:5      | Found a staircase to the Ecumenical Temple.
  3301 | D:5      | Found an opulent altar of Gozag.
  3316 | D:5      | Noticed Duvessa
  3316 | D:5      | Noticed Dowan
  3327 | D:5      | Killed Duvessa
  3327 | D:5      | Reached skill level 5 in Shields
  3338 | D:5      | Killed Dowan
  3367 | D:5      | Noticed Sigmund
  3368 | D:5      | Noticed HooM's ghost (novice HOFi)
  3408 | D:5      | Killed HooM's ghost
  3408 | D:5      | Reached skill level 8 in Axes
  3408 | D:5      | Reached skill level 5 in Armour
  3408 | D:5      | Reached skill level 1 in Dodging
  3408 | D:5      | Reached XP level 8. HP: 28/70 MP: 8/8
  3426 | D:5      | Killed Sigmund
  3426 | D:5      | Reached skill level 9 in Axes
  4053 | D:6      | Reached XP level 9. HP: 75/75 MP: 9/9
  4247 | D:6      | Found a runed door.
  4251 | D:6      | Noticed Crazy Yiuf
  4254 | D:6      | Killed Crazy Yiuf
  4355 | D:6      | Noticed Menkaure
  4366 | D:6      | Killed Menkaure
  4366 | D:6      | Reached skill level 10 in Axes
  4501 | D:6      | Found a blossoming altar of Fedhas.
  4667 | D:7      | Reached * piety under Wu Jian
  4872 | D:7      | Learned a level 1 spell: Summon Small Mammal
  4994 | D:7      | Reached skill level 11 in Axes
  5009 | D:7      | Reached skill level 1 in Summonings
  5074 | D:7      | You fall through a shaft for 3 floors!
  5074 | D:10     | Entered Level 10 of the Dungeon
  5094 | D:10     | Reached skill level 1 in Spellcasting
  5125 | D:10     | Noticed a deep elf mage
  5138 | D:10     | Killed a deep elf mage
  5138 | D:10     | Reached XP level 10. HP: 32/86 MP: 6/12
  5343 | D:10     | Reached skill level 12 in Axes
  5434 | D:10     | Noticed a two-headed ogre
  5444 | D:10     | Killed a two-headed ogre
  6048 | D:11     | Noticed Snorg
  6071 | D:11     | Mangled by Snorg

Skill      XL: |  1  2  3  4  5  6  7  8  9 10 |
---------------+-------------------------------+-----
Fighting       | 4 5 6 7 8 |  8.4
Axes           | 3 5 6 8 9 11 12 | 12.7
Armour         | 4 5 6 7 8 |  8.0
Shields        | 4 5 6 7 8 |  8.8
Dodging        | 1 2 |  2.3
Summonings     | 1 2 |  2.6
Spellcasting   | 1 2 |  2.0
Throwing       | |  0.7
Stealth        | |  0.9

Action                   |  1- 3 |  4- 6 |  7- 9 | 10-12 || total
-------------------------+-------+-------+-------+-------++-------
Melee: War axe           |   114 |   297 |   332 |   251 ||   994
Throw: Stone             |     3 |     7 |    12 |     1 ||    23
Invok: Lunge             |       |     3 |     6 |     3 ||    12
       Whirlwind         |       |       |     2 |       ||     2
  Use: Scroll            |     1 |       |    13 |     1 ||    15
       Potion            |       |     1 |     5 |     4 ||    10
  Eat: Chunk             |       |     6 |    11 |     2 ||    19
       Ration            |       |       |     1 |     1 ||     2
Armor: Scale mail        |    35 |       |       |       ||    35
       Chain mail        |    18 |   112 |   119 |    61 ||   310
Dodge: Dodged            |    42 |    40 |    51 |    52 ||   185
       Deflected         |       |       |     2 |       ||     2
Block: Shield            |    56 |    93 |       |       ||   149
       Large shield      |       |       |   173 |   203 ||   376
